 Dungeon Crawl Stone Soup version 0.27.1-37-g7b29ead8ac (webtiles) character file.

Game seed: 10826070924919052839

143 AarnesTheHuman the Digger (level 5, 0/35 HPs)
             Began as a Formicid Earth Elementalist on June 14, 2023.
             Slain by an orc (9 damage)
             ... on level 3 of the Dungeon.
             The game lasted 00:05:25 (2756 turns).

AarnesTheHuman the Digger (FoEE)                    Turns: 2756, Time: 00:05:25

Health: 0/35       AC:  2    Str: 13    XL:     5   Next: 50%
Magic:  0/9        EV: 12    Int: 15    God:
Gold:   114        SH:  0    Dex: 11    Spells: 6/10 levels left

rFire    . . .     SeeInvis +   a - +0 dagger
rCold    . . .     Faith    .   (no shield)
rNeg     . . .     Spirit   .   b - +0 robe
rPois    .         Reflect  .   (helmet unavailable)
rElec    .         Harm     .   (no cloak)
rCorr    .         Rampage  .   (no gloves)
Will     .....                  (no boots)
Stlth    ++........             (no amulet)
HPRegen  0.11/turn              (no ring)
MPRegen  0.11/turn              (no ring)

@: very slightly contaminated
A: permanent stasis, dig shafts and tunnels, antennae 3, four strong arms
a: Dig, Shaft Self


You were on level 3 of the Dungeon.
You visited 1 branch of the dungeon, and saw 3 of its levels.

You collected 114 gold pieces.

Inventory:

Hand Weapons
 a - a +0 dagger (weapon)
 m - a +0 mace
 s - a +0 flail of draining
Missiles
 c - 29 stones
 d - 2 silver javelins
 l - 7 atropa-tipped darts
Armour
 b - a +0 robe (worn)
 p - a +0 leather armour
Scrolls
 g - 2 scrolls of enchant weapon {unknown}
 h - a scroll of vulnerability {unknown}
 j - a scroll of summoning {unknown}
 n - 5 scrolls of identify {unknown}
 o - a scroll of teleportation {unknown}
 q - a scroll of amnesia {unknown}
Potions
 e - a potion of mutation {unknown}
 f - a potion of might {unknown}
 i - 2 potions of heal wounds {unknown}
 k - a potion of attraction {unknown}
 r - a potion of brilliance {unknown}


   Skills:
 - Level 1.7 Dodging
 - Level 2.4 Stealth
 - Level 3.0 Spellcasting
 + Level 2.9 Conjurations
 - Level 1.1 Transmutations
 - Level 5.0 Earth Magic


You had 6 spell levels left.
You knew the following spells:

 Your Spells              Type           Power      Damage    Failure   Level
a - Sandblast             Erth           34%        2d9       2%          1
b - Stone Arrow           Conj/Erth      28%        3d8       12%         3

Your spell library contained the following spells:

 Spells                   Type           Power      Damage    Failure   Level
 Passwall                 Tmut/Erth      9%         N/A       9%          2
 Petrify                  Tmut/Erth      11%        N/A       50%         4
 Gell's Gravitas          Tloc           1%         N/A       52%         3
 Teleport Other           Tloc           2%         N/A       52%         3
 Dispersal                Tloc           1%         N/A       100%        6


Dungeon Overview and Level Annotations

Branches:
Dungeon (3/15)

Altars:


Innate Abilities, Weirdness & Mutations

You cannot be hasted, slowed, berserked, paralysed or teleported.
You can dig through walls and to a lower floor.
You have a pair of large antennae on your head. (SInv)
Your four strong arms can wield two-handed weapons with a shield.


Message History

Casting: Stone Arrow (quite dangerous; 13% risk of failure)
Confirm with . or Enter, or press ? or * to list all spells.
The spell is quite dangerous to cast (13% risk of failure)!
Continue anyway?
Aiming: Stone Arrow (quite dangerous; 13% risk of failure)
Press: ? - help, Shift-Dir - straight line, f/p - orc wizard
Aim: an orc wizard, wielding a +0 dagger and wearing a +0 robe (60% to hit)
The stone arrow hits the orc wizard!
The orc wizard is heavily wounded.
The orc wizard casts a spell at you. The puff of flame hits you!
Casting: Stone Arrow (quite dangerous; 13% risk of failure)
Confirm with . or Enter, or press ? or * to list all spells.
Aiming: Sandblast (safe; 2% risk of failure)
Press: ? - help, Shift-Dir - straight line, f/p - orc wizard
Aim: an orc wizard, wielding a +0 dagger and wearing a +0 robe (heavily wounded, 74% to hit)
The blast of sand hits the orc wizard!
You kill the orc wizard!
Your life force feels restored.
Casting: Sandblast (safe; 2% risk of failure)
Confirm with . or Enter, or press ? or * to list all spells.
Aiming: Sandblast (safe; 2% risk of failure)
Press: ? - help, Shift-Dir - straight line, f - orc
Aim: an orc, wielding a +0 flail (79% to hit)
The blast of sand hits the orc!
You kill the orc!
Casting: Sandblast (safe; 2% risk of failure)
Confirm with . or Enter, or press ? or * to list all spells.
You don't have enough magic to cast this spell.
Casting: Sandblast (safe; 2% risk of failure)
Confirm with . or Enter, or press ? or * to list all spells.
You don't have enough magic to cast this spell.
You barely miss the orc. The orc hits you with a +0 flail.
You hit the orc.
The orc is moderately wounded.
The orc hits you with a +0 flail.
* * * LOW HITPOINT WARNING * * *
You hit the orc but do no damage.
The orc is moderately wounded.
The orc hits you with a +0 flail!
You die...

########.########.
..........# #.
########..#######.
#..#.......
##########..........
............#.#.....
.########.....#.###.
{ ### #..##.#.###.
#@## #..##.#..##.
##o# #......†#...
#.#####..##..###..
#........##.## ##.
#.#####.###..###.#
#.# #.# #...#...
...o..o.# #.#
###..#.. ...#.#o##
#.# #..#)# .o .. ..#
#....#


You could see an orc.

Vanquished Creatures
  An orc wizard (D:3)
  3 gnolls (D:3)
  2 adders (D:3)
  A worm (D:3)
  2 dart slugs
  4 orcs (D:3)
  8 ball pythons
  6 endoplasms
  7 hobgoblins
  3 jackals (D:1)
  2 quokkas
  A bat (D:1)
  3 frilled lizards
  9 goblins
  8 rats
60 creatures vanquished.

Vanquished Creatures (others)
  10 plants (D:3)
10 creatures vanquished.

Grand Total: 70 creatures vanquished

Notes
Turn   | Place    | Note
-------+----------+-------------------------------------------
     0 | D:1      | AarnesTheHuman the Formicid Earth Elementalist began the
                  | quest for the Orb.
     0 | D:1      | Reached XP level 1. HP: 13/13 MP: 3/3
    35 | D:1      | Found a faded altar of an unknown god.
   124 | D:1      | Reached skill level 4 in Earth Magic
   124 | D:1      | Reached XP level 2. HP: 19/19 MP: 1/5
   424 | D:1      | Reached XP level 3. HP: 20/24 MP: 1/7
   724 | D:2      | Learned a level 3 spell: Stone Arrow
  1551 | D:3      | Reached XP level 4. HP: 27/30 MP: 4/8
  1592 | D:3      | Reached skill level 1 in Conjurations
  1819 | D:3      | Reached skill level 5 in Earth Magic
  2169 | D:3      | Reached XP level 5. HP: 22/34 MP: 5/9
  2756 | D:3      | Slain by an orc

Illustrated notes

Levels and vault maps discovered:
D:1:      dpeg_arrival_shelter, layout_rooms, hellmonk_ecumenical_altar_run_dry
D:2:      layout_basic
D:3:      layout_loops_ring, lemuel_doored_altar,
          riverfiend_overflow_shadow_ancestor, serial_bayou_pond_c,
          minmay_cut_off, uniq_grinder

Skill      XL: |  1  2  3  4 |
---------------+-------------+-----
Earth Magic    | 4 5 |  5.0
Spellcasting   | 3 |  3.0
Conjurations   | 2 |  2.9
Dodging        | |  1.7
Stealth        | |  2.4
Transmutations | |  1.1

Action                   |  1- 3 |  4- 6 || total
-------------------------+-------+-------++-------
Melee: Dagger            |    44 |    24 ||    68
       Unarmed           |     5 |       ||     5
 Cast: Sandblast         |    41 |    33 ||    74
       Stone Arrow       |       |     1 ||     1
 Abil: Dig               |     2 |     1 ||     3
 Stab: Sleeping          |     3 |     1 ||     4
Armor: Robe              |    16 |     2 ||    18
Dodge: Dodged            |    36 |    17 ||    53
